 Dungeon Crawl Stone Soup version 0.30.1-11-g7821555f0a (webtiles) character file.

Game seed: 13239724845176544902

147 MacCMillion the Shield-Bearer (level 5, -14/45 HPs)
             Began as a Ghoul Fighter on Dec 3, 2023.
             Demolished by Menkaure (20 damage)
             ... on level 4 of the Dungeon.
             The game lasted 00:02:51 (1862 turns).

MacCMillion the Shield-Bearer (Ghoul Fighter)       Turns: 1862, Time: 00:02:51

Health: -14/45     AC:  6    Str: 22    XL:     5   Next: 29%
Magic:  4/4        EV:  9    Int:  3    God:
Gold:   219        SH:  5    Dex: 14    Spells: 4/4 levels left

rFire   . . .        m - +0 hand axe
rCold   + . .        c - +0 buckler
rNeg    + + +        b - +0 scale mail
rPois   ∞            (no helmet)
rElec   .            (no cloak)
rCorr   .            (no gloves)
SInv    .            (no boots)
Will    .....        g - amulet of the acrobat Stlth
                     p - +6 ring of dexterity
HPRegen 0.00/turn    (no ring)
MPRegen 0.09/turn

%: acrobat
@: inhibited regen
A: claws 1, cold resistance 1, negative energy resistance 3, inhibited
regeneration, torment resistance 2, devour on kill
a: no special abilities


You were on level 4 of the Dungeon.
You visited 1 branch of the dungeon, and saw 4 of its levels.

You collected 219 gold pieces.

Inventory:

Hand Weapons
 a - a +0 war axe
 m - a +0 hand axe (weapon)
Missiles
 l - 4 silver boomerangs (quivered)
 u - 6 atropa-tipped darts
Armour
 b - a +0 scale mail (worn)
 c - a +0 buckler (worn)
Jewellery
 g - an amulet of the acrobat (around neck)
 p - a +6 ring of dexterity (left claw)
 w - a ring of wizardry
Wands
 r - a wand of flame (29)
Scrolls
 e - 8 scrolls of identify {unknown}
 f - a scroll of vulnerability {unknown}
 h - a scroll of amnesia {unknown}
 o - a scroll of fog {unknown}
 q - 2 scrolls of teleportation {unknown}
Potions
 d - a potion of might
 i - a potion of curing {unknown}
 j - a potion of degeneration {unknown}
 k - a potion of resistance {unknown}
 n - 2 potions of magic {unknown}
 s - 2 potions of flight {unknown}
 t - 2 potions of attraction {unknown}
 v - 2 potions of invisibility {unknown}


   Skills:
 - Level 3.2 Fighting
 + Level 3.8 Axes
 - Level 2.6 Armour
 - Level 4.0 Shields


You had 4 spell levels left.
You didn't know any spells.
Your spell library contained the following spells:

 Spells                   Type           Power      Damage    Failure   Level
 Lesser Beckoning         Tloc           0%         N/A       96%         2
 Gell's Gravitas          Tloc           0%         N/A       99%         3
 Ignite Poison            Fire/Tmut/Pois 0%         N/A       99%         3
 Teleport Other           Tloc           0%         N/A       99%         3
 Sticky Flame             Conj/Fire      0%         2d3       100%        4
 Ignition                 Fire           0%         3d3       100%        8


Dungeon Overview and Level Annotations

Branches:
Dungeon (4/15)
 Temple: D:4-7

Altars:

Annotations:
D:2 Sigmund
D:3 2 transporters, SniperLyfe's ghost, amateur GrEE
D:4 Menkaure


Innate Abilities, Weirdness & Mutations

You are immune to poison.
You have sharp fingernails.
Your flesh is cold resistant. (rC+)
You are immune to negative energy. (rN+++)
You do not regenerate when monsters are visible.
You are immune to unholy pain and torment.
You thrive by killing the living.


Message History

Found 13 gold pieces.
An adder comes into view.
Menkaure breathes soot at you.
Menkaure casts a spell.
Menkaure seems to speed up.
Menkaure completely misses you. You block the adder's attack.
You hit Menkaure.
Menkaure is lightly damaged.
You hit the adder. Menkaure hits you! The adder bites you but does no damage.
Menkaure hits you!
You barely miss Menkaure.
Menkaure is lightly damaged.
You barely miss the adder. The adder closely misses you.
Menkaure hits you but does no damage.
You hit Menkaure but do no damage.
Menkaure is lightly damaged.
You hit the adder.
You kill the adder!
You feel better. Menkaure closely misses you.
Menkaure hits you but does no damage.
You hit Menkaure but do no damage.
Menkaure is lightly damaged.
Menkaure barely misses you.
You barely miss Menkaure.
Menkaure is lightly damaged.
Menkaure closely misses you.
You hit Menkaure but do no damage.
Menkaure is lightly damaged.
Menkaure hits you!!
* * * LOW HITPOINT WARNING * * *
Menkaure giggles, "These cerements are ticklish..."
Menkaure hits you.
* * * LOW HITPOINT WARNING * * *
You hit Menkaure but do no damage.
Menkaure is lightly damaged.
Menkaure barely misses you.
You hit Menkaure.
Menkaure is lightly damaged.
Menkaure hits you!!
You die...

...........#
...........##
............##
.............##
..........>...#
.........>....##
..............#.
...............#
......†@...$...#
.......M.......#
................#
.................
.......$.........
................
...............
...............


You could see Menkaure (fast).

Vanquished Creatures
  Jessica (D:3)
  A gnoll (D:1)
  4 adders
  5 dart slugs
  4 endoplasms
  A giant cockroach (D:1)
  5 hobgoblins
  4 jackals (D:1)
  7 kobolds
  9 quokkas
  6 ball pythons
  5 bats
  6 frilled lizards
  3 goblins
  2 rats
63 creatures vanquished.

Notes
Turn   | Place    | Note
-------+----------+-------------------------------------------
     0 | D:1      | MacCMillion the Ghoul Fighter began the quest for the Orb.
     0 | D:1      | Reached XP level 1. HP: 19/19 MP: 0/0
    87 | D:1      | Reached skill level 3 in Shields
    87 | D:1      | Reached XP level 2. HP: 26/26 MP: 1/1
   209 | D:1      | Reached XP level 3. HP: 27/31 MP: 2/2
   672 | D:2      | Reached XP level 4. HP: 38/38 MP: 3/3
  1396 | D:2      | Noticed Sigmund
  1415 | D:3      | Found a faded altar of an unknown god.
  1472 | D:3      | Noticed Jessica
  1478 | D:3      | Killed Jessica
  1479 | D:3      | Reached skill level 4 in Shields
  1479 | D:3      | Reached XP level 5. HP: 45/45 MP: 4/4
  1548 | D:3      | Found a transporter.
  1571 | D:3      | Found a transporter.
  1573 | D:3      | Noticed SniperLyfe's ghost (amateur GrEE)
  1850 | D:4      | Noticed Menkaure
  1862 | D:4      | Demolished by Menkaure

Illustrated notes

Levels and vault maps discovered:
D:1:      heliophobic_arrival_glass_houses, layout_loops_cross
D:2:      layout_loops_ring, grunt_ministairs_14, minmay_statues_item,
          grunt_decor_resistance, minmay_misc_feat_hallway, uniq_sigmund
D:3:      layout_rooms, nicolae_ecumenical_pavilion, gammafunk_ghost_stat_death,
          uniq_jessica
D:4:      layout_layer_cave, mainiacjoe_overflow_24_doors,
          gammafunk_temple_overflow_elements, chequers_arboretum, uniq_pikel,
          uniq_menkaure

Skill      XL: |  1  2  3  4 |
---------------+-------------+-----
Axes           | 2 3 |  3.8
Shields        | 3 4 |  4.0
Fighting       | |  3.2
Armour         | |  2.6

Action                     |  1- 3 |  4- 6 || total
---------------------------+-------+-------++-------
  Melee: War axe           |    65 |       ||    65
         Hand axe          |    41 |    99 ||   140
 Armour: Scale mail        |    57 |    31 ||    88
  Dodge: Dodged            |    63 |    47 ||   110
  Block: Buckler           |    34 |    17 ||    51
